 Dungeon Crawl Stone Soup version 0.30.1-3-gfc49f6343a (webtiles) character file.

Game seed: 13808486764230611821

547 cdecastro the Cudgeller (level 7, -4/56 HPs)
             Began as an Armataur Warper on Aug 9, 2023.
             Was a Priest of Dithmenos.
             Slain by a black bear (5 damage)
             ... on level 4 of the Dungeon.
             The game lasted 00:07:42 (4124 turns).

cdecastro the Cudgeller (Armataur Warper)           Turns: 4124, Time: 00:07:43

Health: -4/56      AC: 11    Str: 18    XL:     7   Next: 7%
Magic:  9/9        EV: 12    Int: 14    God:    Dithmenos [***...]
Gold:   95         SH:  0    Dex:  9    Spells: 9/9 levels left

rFire   . . .        a - +0 mace
rCold   . . .        (no shield)
rNeg    . . .        s - +0 scale mail
rPois   .            (no helmet)
rElec   .            (no cloak)
rCorr   .            b - +0 pair of gloves
SInv    .            (no barding)
Will    .....        o - amulet of the acrobat Stlth
                     e - +4 ring of protection
HPRegen 0.29/turn    m - +5 ring of evasion
MPRegen 0.11/turn

%: acrobat, roll
@: wreathed by umbra
A: large, rugged brown scales 3, deformed body, armoured tail, roll, long
tongue, awkward tongue
a: Renounce Religion, Shadow Step


You were on level 4 of the Dungeon.
You worshipped Dithmenos.
Dithmenos was most pleased with you.
You visited 1 branch of the dungeon, and saw 5 of its levels.

You collected 95 gold pieces.

Inventory:

Hand Weapons
 a - a +0 mace (weapon)
 r - a +7 hand axe
 u - a +0 flail
Missiles
 d - 7 boomerangs of dispersal
 p - a throwing net
 t - 11 poisoned darts (quivered)
Armour
 b - a +0 pair of gloves (worn)
 s - a +0 scale mail (worn)
 v - a +0 helmet
Jewellery
 e - a +4 ring of protection (left hand)
 m - a +5 ring of evasion (right hand)
 o - an amulet of the acrobat (around neck)
 q - a ring of fire
Scrolls
 c - a scroll of blinking
 f - 4 scrolls of identify
 g - 2 scrolls of enchant armour {unknown}
 h - 2 scrolls of acquirement {unknown}
 k - a scroll of immolation {unknown}
 l - a scroll of silence {unknown}
Potions
 i - 2 potions of mutation
 j - a potion of curing
 n - a potion of degeneration


   Skills:
 - Level 1.7 Fighting
 - Level 7.0 Maces & Flails
 - Level 0.8 Throwing
 + Level 2.1 Armour
 - Level 1.3 Dodging
 - Level 1.7 Spellcasting
 - Level 3.0 Translocations


You had 9 spell levels left.
You didn't know any spells.
Your spell library contained the following spells:

 Spells                   Type           Power      Damage    Failure   Level
 Blink                    Tloc           18%        N/A       34%         2
 Lesser Beckoning         Tloc           18%        N/A       34%         2
 Teleport Other           Tloc           9%         N/A       56%         3
 Sandblast                Erth           2%         2d4       61%         1
 Summon Small Mammal      Summ           4%         N/A       61%         1
 Ensorcelled Hibernation  Hex/Ice        2%         N/A       75%         2
 Passwall                 Tmut/Erth      0%         N/A       75%         2
 Vhi's Electric Charge    Tloc/Air       10%        N/A       77%         3
 Manifold Assault         Tloc           9%         N/A       92%         4
 Call Canine Familiar     Summ           1%         N/A       93%         3
 Stone Arrow              Conj/Erth      2%         3d7       93%         3
 Summon Guardian Golem    Hex/Summ       1%         N/A       93%         3
 Swiftness                Air            1%         N/A       93%         3


Dungeon Overview and Level Annotations

Branches:
Dungeon (5/15)
 Temple: D:4-7

Altars:
Dithmenos

Annotations:
D:4 2 runed translucent doors


Innate Abilities, Weirdness & Mutations

You are completely covered in rugged brown scales. (AC +3, +7% HP)
Armour fits poorly on your strangely shaped body.
You have a long armoured tail.
You roll when moving toward enemies. (Rampage)
Your long tongue fully drains potion bottles. (2x potion effects)
Your tongue gives you trouble enunciating. (1.5x scroll delay)


Message History

You closely miss the black bear.
The black bear is severely wounded.
The black bear bites you. The black bear claws you. x2
The black bear bites you but does no damage.
The black bear barely misses you. x2
You barely miss the black bear.
The black bear is severely wounded.
The black bear bites you.
* * * LOW HITPOINT WARNING * * *
The black bear closely misses you. The black bear barely misses you. x2
The black bear claws you.
* * * LOW HITPOINT WARNING * * *
The black bear claws you.
* * * LOW HITPOINT WARNING * * *
You closely miss the black bear.
The black bear is severely wounded.
The black bear barely misses you. The black bear misses you.
The black bear claws you but does no damage.
You hit the black bear.
The black bear is severely wounded.
The black bear misses you.
The black bear claws you but does no damage.
The black bear claws you.
* * * LOW HITPOINT WARNING * * *
The black bear misses you.
The black bear claws you but does no damage. x2
You hit the black bear but do no damage.
You tail-slap the black bear!
The black bear is almost dead.
The black bear bites you!
* * * LOW HITPOINT WARNING * * *
The black bear barely misses you.
The black bear claws you but does no damage.
You hit the black bear.
The black bear is almost dead.
The black bear bites you but does no damage.
The black bear claws you.
* * * LOW HITPOINT WARNING * * *
The black bear claws you.
You die...

#########...###.#..#
#.....####'####)####
##...........#...#
#...........#...#
########.##.###..###.#######
.##.#..#'##.###..###.#..#..##
..(..........+.....#...#....#
.............#.....#...+....#
........)....#..@..#...#....#
.........##..###h.####.##..##
######...##..###..####.##...#
...###...##.........#.......#
....................#......##
....................#......#
..............##....##.....#
'#######'##...##....##.....#
.######..##...##....########


You could see a black bear (berserk).

Vanquished Creatures
  An ogre (D:4)
  A centaur (D:4)
  2 hounds
  A jelly (D:3)
  A gnoll bouda (D:3)
  Robin (D:4)
  10 gnolls
  3 adders
  An ufetubus (D:4)
  A worm (D:3)
  4 dart slugs
  13 orcs
  2 ball pythons
  8 endoplasms
  2 giant cockroaches
  16 goblins
  7 hobgoblins
  11 jackals
  6 kobolds
  A quokka (D:4)
  2 bats
  2 frilled lizards
  4 rats
100 creatures vanquished.

Notes
Turn   | Place    | Note
-------+----------+-------------------------------------------
     0 | D:1      | cdecastro the Armataur Warper began the quest for the Orb.
     0 | D:1      | Reached XP level 1. HP: 18/18 MP: 3/3
   150 | D:1      | Reached skill level 2 in Maces & Flails
   176 | D:1      | Found a faded altar of an unknown god.
   311 | D:1      | Reached XP level 2. HP: 25/25 MP: 4/4
   739 | D:1      | Prayed at the altar of an unknown god.
   739 | D:1      | Became a worshipper of Dithmenos the Shadowed
   739 | D:1      | Reached * piety under Dithmenos
   834 | D:2      | Reached skill level 3 in Maces & Flails
   997 | D:2      | Reached XP level 3. HP: 27/31 MP: 5/5
  1642 | D:3      | Reached ** piety under Dithmenos
  1765 | D:3      | Reached XP level 4. HP: 38/38 MP: 6/6
  1849 | D:3      | Reached skill level 4 in Maces & Flails
  2247 | D:3      | Reached XP level 5. HP: 32/43 MP: 7/7
  2551 | D:4      | Found a large runed translucent door.
  2552 | D:4      | Found a large runed translucent door.
  2685 | D:4      | Reached skill level 5 in Maces & Flails
  2955 | D:3      | HP: 2/43 [gnoll bouda/+0 whip (4)]
  2957 | D:3      | Reached *** piety under Dithmenos
  3195 | D:4      | Noticed a centaur
  3216 | D:4      | Killed a centaur
  3217 | D:4      | Reached skill level 6 in Maces & Flails
  3217 | D:4      | Reached XP level 6. HP: 27/51 MP: 8/8
  3609 | D:4      | Noticed Robin
  3631 | D:4      | Killed Robin
  3776 | D:4      | Reached skill level 7 in Maces & Flails
  3776 | D:4      | Reached XP level 7. HP: 56/56 MP: 9/9
  4001 | D:5      | Entered Level 5 of the Dungeon
  4124 | D:4      | HP: 1/56 [black bear (3)]
  4124 | D:4      | Slain by a black bear

Illustrated notes

Levels and vault maps discovered:
D:1:      dpeg_arrival_oval, layout_loops_ring, ebering_ecumenical_altar_mist
D:2:      layout_loops_ring
D:3:      layout_loops_ring, kennysheep_generic_room_14
D:4:      layout_gridville, jmf_multi_god_temple2, uniq_robin
D:5:      layout_basic, serial_shops, shop

Skill      XL: |  1  2  3  4  5  6  7 |
---------------+----------------------+-----
Maces & Flails | 2 3 4 6 7 |  7.0
Armour         | 2 |  2.1
Fighting       | |  1.7
Throwing       | |  0.8
Dodging        | |  1.3
Spellcasting   | |  1.7
Translocations | |  3.0

Action                     |  1- 3 |  4- 6 |  7- 9 || total
---------------------------+-------+-------+-------++-------
  Melee: Mace              |   121 |   218 |    32 ||   371
         Tailslap          |    10 |    23 |     4 ||    37
         Punch             |       |     4 |       ||     4
  Throw: Dart              |       |     4 |     3 ||     7
    Use: Scroll            |       |       |     3 ||     3
 Armour: Leather armour    |    43 |    17 |       ||    60
         Scale mail        |       |    61 |    32 ||    93
  Dodge: Dodged            |    66 |   175 |    56 ||   297
